 Dungeon Crawl Stone Soup version 0.26.1-11-gd32895ea62 (webtiles) character file.

Game seed: 16371084716727521834

3624 Descartes the Covert (level 9, -10/38 HPs)
             Began as a Felid Wanderer on Apr 17, 2021.
             Mangled by Gastronok (28 damage)
             ... on level 8 of the Dungeon.
             The game lasted 00:12:24 (8405 turns).

Descartes the Covert (Felid Wanderer)               Turns: 8405, Time: 00:12:24

Health: -10/38     AC:  2    Str: 10    XL:     9   Next: 87%
Magic:  0/19       EV: 26    Int: 15    God:
Gold:   480        SH:  0    Dex: 17    Spells: 8/8 levels left
                                        Lives:  0   Deaths: 2

rFire    . . .     SeeInvis +     - Unarmed
rCold    . . .     Faith    .   (shield unavailable)
rNeg     . . .     Spirit   +   (armour unavailable)
rPois    .         Reflect  .   (helmet unavailable)
rElec    .         Harm     .   (cloak unavailable)
rCorr    .         Rampage  .   (gloves unavailable)
Will     +....                  (boots unavailable)
Stlth    +++++.....             z - amulet of guardian spirit
HPRegen  0.12/turn              n - ring of magical power
MPRegen  0.16/turn              D - +4 ring of slaying

@: hasted, very quick
A: very small, no armour, no weapons or thrown items, stealth, claws 1, fangs 3,
see invisible, clever 1, speed 1, shaggy fur 2, sharp paws
a: no special abilities


You were on level 8 of the Dungeon.
You visited 2 branches of the dungeon, and saw 9 of its levels.

You collected 480 gold pieces.

Inventory:

Missiles
 g - 145 arrows
 h - 288 stones
Jewellery
 j - an uncursed ring of poison resistance
 l - an uncursed ring of magical power
 n - a ring of magical power (left paw)
 t - a +6 ring of strength
 z - an amulet of guardian spirit (around neck)
 D - a +4 ring of slaying (right paw)
Wands
 u - a wand of random effects (12)
 x - a wand of acid (9)
Scrolls
 b - 3 scrolls of fear
 d - 5 scrolls of teleportation
 e - 2 scrolls of magic mapping
 f - a scroll of amnesia {unknown}
 i - 2 scrolls of enchant weapon {unknown}
 o - 3 scrolls of remove curse
 r - 2 scrolls of blinking
 v - 2 scrolls of fog {unknown}
 A - a scroll of noise {unknown}
 C - a scroll of enchant armour {unknown}
Potions
 c - 3 potions of curing
 m - a potion of cancellation
 p - a potion of brilliance
 q - a potion of lignification
 s - a potion of ambrosia
 w - 4 potions of flight
 B - 2 potions of might
 E - a potion of degeneration


   Skills:
 + Level 3.3 Fighting
 + Level 10.8 Dodging
 + Level 10.9 Stealth
 + Level 10.4 Unarmed Combat
 - Level 1.1 Evocations


You had 8 spell levels left.
You didn't know any spells.
Your spell library contained the following spells:

 Spells                   Type           Power        Failure   Level
 Animate Skeleton         Necr           0%           26%         1
 Pain                     Necr           0%           26%         1
 Vampiric Draining        Necr           0%           63%         3
 Animate Dead             Necr           0%           95%         4
 Agony                    Necr           0%           100%        5


Dungeon Overview and Level Annotations

Branches:
Dungeon (8/15)             Temple (1/1) D:6
   Lair: D:8-11

Altars:
Ashenzari
Cheibriados
Dithmenos
Elyvilon
Fedhas
Gozag
Hepliaklqana
Makhleb
Nemelex Xobeh
Okawaru
Qazlal
Ru
Sif Muna
Trog
Uskayaw
Vehumet
Wu Jian
Xom
Yredelemnul
Zin
The Shining One

Shops:
D:7 [

Annotations:
D:8 Gastronok


Innate Abilities, Weirdness & Mutations

You cannot wear armour.
You are incapable of wielding weapons or throwing items.
Your paws allow you to move quietly. (Stealth)
You have sharp claws.
You have razor-sharp teeth.
You have supernaturally acute eyesight. (SInv)
You cover ground quickly.
You are covered in thick fur. (AC +2)
Your sharp claws are effective at attacking unaware monsters.
Your mind is acute. (Int +2)


Message History

You claw Gastronok! You bite Gastronok, but do no damage.
Gastronok is heavily wounded.
You claw Gastronok! You bite Gastronok!
Gastronok is heavily wounded.
Gastronok waves his eye-stalks in wide circles.
The air twists around and strikes you!!
* * * LOW HITPOINT WARNING * * *
You are too injured to fight recklessly!
You are too injured to fight recklessly!
You are too injured to fight recklessly!
You are too injured to fight recklessly!
You are too injured to fight recklessly!
You are too injured to fight recklessly!
You are too injured to fight recklessly!
You are too injured to fight recklessly!
You are too injured to fight recklessly!
You feel better.
You feel yourself speed up. Gastronok bites you!!
Ouch! That really hurt!
You die...

.....#.#..#.>.....#.#
.<...# #..........#.#
.....# #.#..........#
...[.#.#.#.).)).....#
...........†#.....#.#
##+####..#.....$....#
.....####..##.### #
#.##............##.#
# .........#@[....# .
#.#########.w.####..#
#. ..............# #.
######...####.#
.......<.......
#####.#..######
#....# ####.# .#


You could see Gastronok.

Vanquished Creatures
  Prince Ribbit (D:5)
  Sigmund (D:4)
  A yak (D:5)
  Edmund (D:5)
  A water moccasin (D:7)
  3 ice beasts
  2 orc warriors (D:8)
  A black bear (D:7)
  A necrophage (D:6)
  4 ogres
  2 centaurs
  7 bullfrogs
  3 scorpions
  14 killer bees
  4 wights (D:6)
  A howler monkey (D:5)
  A bullfrog zombie (D:7)
  A centaur skeleton (D:3)
  4 hounds
  An orc priest (D:8)
  2 orc wizards (D:6)
  Ijyb (D:3)
  4 iguanas
  7 worker ants
  A killer bee zombie (D:8)
  A hound skeleton (D:7)
  9 adders
  A shadow imp (D:6)
  A white imp (D:6)
  2 adder skeletons
  5 worms
  A dart slug (D:2)
  2 leopard geckos
  11 orcs
  5 giant cockroaches
  6 goblins
  7 hobgoblins
  8 jackals
  2 quokkas (D:3)
  3 ball pythons
  6 bats
  3 frilled lizards
  3 kobolds
  A leopard gecko skeleton (D:5)
  A quokka skeleton (D:5)
  5 rats
152 creatures vanquished.

Vanquished Creatures (others)
  A sky beast (D:5)
1 creature vanquished.

Grand Total: 153 creatures vanquished

Notes
Turn   | Place    | Note
-------+----------+-------------------------------------------
     0 | D:1      | Descartes the Felid Wanderer began the quest for the Orb.
     0 | D:1      | Descartes set off with the following items: a potion of
                  | heal wounds, a scroll of fear, a potion of curing, a scroll
                  | of teleportation
     0 | D:1      | Reached XP level 1. HP: 9/9 MP: 2/2
   456 | D:1      | Reached skill level 1 in Dodging
   650 | D:1      | Reached XP level 2. HP: 9/12 MP: 3/3
  1081 | D:2      | Reached XP level 3. HP: 15/15 MP: 4/4
  1448 | D:2      | Found a shimmering blue altar of Sif Muna.
  1725 | D:3      | Found a sparkling altar of Nemelex Xobeh.
  1926 | D:3      | Reached XP level 4. HP: 14/19 MP: 5/5
  2577 | D:3      | Noticed Ijyb
  2579 | D:3      | Killed Ijyb
  2723 | D:4      | Reached XP level 5. HP: 12/22 MP: 6/6
  2725 | D:4      | Found a burning altar of Makhleb.
  3083 | D:4      | Reached skill level 5 in Stealth
  3249 | D:4      | Found a shimmering altar of Xom.
  3385 | D:4      | Noticed Sigmund
  3397 | D:4      | Killed Sigmund
  3398 | D:4      | Gained mutation: You are covered in thick fur. (AC +2)
                  | [Felid growth]
  3398 | D:4      | Reached XP level 6. HP: 25/25 MP: 7/7
  3771 | D:5      | Entered Level 5 of the Dungeon
  3805 | D:5      | Noticed Edmund
  3809 | D:5      | Noticed a sky beast
  4254 | D:5      | Reached skill level 5 in Dodging
  4319 | D:5      | Noticed Prince Ribbit
  4333 | D:5      | Slain by Prince Ribbit
  4334 | D:5      | Reached XP level 5. HP: 0/22 MP: 6/6
  4337 | D:5      | Found an iron altar of Okawaru.
  4355 | D:5      | Reached XP level 6. HP: 17/25 MP: 7/7
  4928 | D:5      | Killed a sky beast
  4943 | D:5      | Killed Edmund
  4944 | D:5      | Reached XP level 7. HP: 12/28 MP: 8/8
  4959 | D:5      | Mangled by Prince Ribbit
  4960 | D:5      | Reached XP level 6. HP: -6/25 MP: 0/16
  5078 | D:5      | Found a snail-covered altar of Cheibriados.
  5109 | D:5      | Killed Prince Ribbit
  5150 | D:5      | Noticed a yak
  5169 | D:5      | Killed a yak
  5170 | D:5      | Reached XP level 7. HP: 28/28 MP: 8/8
  5279 | D:6      | Gained mutation: You are frail. (-10% HP) [potion of
                  | mutation]
  5279 | D:6      | Lost mutation: You are frail. (-10% HP) [potion of
                  | mutation]
  5279 | D:6      | Gained mutation: Your mind is acute. (Int +2) [potion of
                  | mutation]
  5326 | D:6      | Found a basalt altar of Yredelemnul.
  5705 | D:6      | Found a glowing golden altar of the Shining One.
  5770 | D:6      | Reached XP level 8. HP: 32/32 MP: 9/9
  5972 | D:6      | Found a staircase to the Ecumenical Temple.
  6002 | D:6      | Reached skill level 10 in Stealth
  6008 | Temple   | Entered the Ecumenical Temple
  6293 | D:6      | Found a stormy altar of Qazlal.
  6649 | D:7      | Reached XP level 9. HP: 32/35 MP: 10/10
  6722 | D:7      | Reached skill level 10 in Dodging
  6777 | D:7      | Found Gameut Tirgh's Antique Armour Shoppe.
  7020 | D:7      | Reached skill level 10 in Unarmed Combat
  7382 | D:8      | Noticed Gastronok
  8405 | D:8      | Mangled by Gastronok

Illustrated notes

Levels and vault maps discovered:
D:1:      dpeg_arrival_round_c, layout_basic
D:2:      layout_rooms, led_sif_pool, corexii_hall_statues_l, glass_columns_a
D:3:      layout_loops_ring, nemelex_xobeh_ov_fountains_minmay,
          minmay_misc_feat_columns, uniq_ijyb
D:4:      layout_basic, lemuel_coloured_pillars_altar, serial_glass,
          glass_columns_b, glass_columns_a, feat_on_display, item_on_display_a,
          item_on_display_a, xom_teletrap_fun, uniq_sigmund
D:5:      minmay_chambers_of_fours, layout_loops_ring, cheibriados_altar_1,
          okawaru_trees_2, uniq_edmund, uniq_prince_ribbit1
D:6:      layout_loops_ring, lemuel_doored_altar, grunt_qazlal_clouds,
          old_standard_altar, minmay_temple_entry_poolview, serial_glass,
          glass_columns_b, glass_columns_a
D:7:      layout_cave_pools, serial_shops, shop, hangedman_glass_teeth,
          kennysheep_generic_room_2
D:8:      layout_basic, marbit_many_paths, uniq_gastronok
Temple:   zaba_magenta_temple

Skill      XL: |  1  2  3  4  5  6  7  8  9 |
---------------+----------------------------+-----
Stealth        | 3 4 6 8 9 10 | 10.9
Dodging        | 1 2 3 4 7 8 9 10 | 10.8
Unarmed Combat | 7 8 9 10 | 10.4
Fighting       | 3 |  3.3
Evocations     | |  1.1

Action                   |  1- 3 |  4- 6 |  7- 9 || total
-------------------------+-------+-------+-------++-------
Melee: Unarmed           |    77 |   162 |   220 ||   459
       Bite              |     4 |    15 |    18 ||    37
       Punch             |     4 |     4 |    13 ||    21
  Use: Potion            |       |     4 |     6 ||    10
       Scroll            |       |     5 |     8 ||    13
 Stab: Sleeping          |    11 |    10 |    27 ||    48
       Distracted        |       |       |     3 ||     3
       Invisible         |       |       |     8 ||     8
Armor: Skin              |     4 |     3 |     3 ||    10
Dodge: Dodged            |    38 |   109 |   177 ||   324
